 Dungeon Crawl Stone Soup version 0.31-a0-963-ga325b2283a (webtiles) character file.

Game seed: 17490539469841561365

165 Bnni the Chopper (level 5, -5/48 HPs)
             Began as a Hill Orc Monk on Oct 24, 2023.
             Slain by a gnoll
             ... wielding a +0 halberd
             ... led by a gnoll bouda
              (9 damage)
             ... on level 4 of the Dungeon.
             The game lasted 00:02:03 (2375 turns).

Bnni the Chopper (Hill Orc Monk)                    Turns: 2375, Time: 00:02:04

Health: -5/48      AC:  6    Str: 16    XL:     5   Next: 46%
Magic:  5/5        EV: 11    Int: 10    God:
Gold:   146        SH:  0    Dex: 13    Spells: 4/4 levels left

rFire   . . .        q - +0 war axe
rCold   . . .        d - orb {light}
rNeg    . . .        g - +0 ring mail
rPois   .            (no helmet)
rElec   .            h - +0 cloak
rCorr   .            (no gloves)
SInv    .            (no boots)
Will    .....        (no amulet)
Stlth   +            (no ring)
HPRegen 0.28/turn    (no ring)
MPRegen 0.09/turn

%: no passive effects
@: glowing
A: no striking features
a: no special abilities


You were on level 4 of the Dungeon.
You visited 1 branch of the dungeon, and saw 4 of its levels.

You collected 146 gold pieces.

Inventory:

Hand Weapons
 q - a +0 war axe (weapon)
Armour
 d - an orb of light (worn)
 g - a +0 ring mail (worn)
 h - a +0 cloak (worn)
Jewellery
 a - an amulet of faith
Scrolls
 f - a scroll of teleportation {unknown}
 i - a scroll of silence {unknown}
 j - 4 scrolls of identify {unknown}
 k - 2 scrolls of amnesia {unknown}
 p - a scroll of vulnerability {unknown}
 s - a scroll of fog {unknown}
Potions
 b - 2 potions of invisibility {unknown}
 c - 2 potions of ambrosia
 e - 3 potions of haste {unknown}
 l - 3 potions of cancellation {unknown}
 m - 2 potions of curing {unknown}
 n - a potion of might {unknown}
 o - 2 potions of lignification {unknown}
 r - a potion of resistance {unknown}


   Skills:
 + Level 5.1 Fighting
 * Level 6.8 Axes
 - Level 2.4 Dodging


You had 4 spell levels left.
You didn't know any spells.
Your spell library was empty.

Dungeon Overview and Level Annotations

Branches:
Dungeon (4/15)
 Temple: D:4-7

Altars:
Kikubaaqudgha
Uskayaw


Message History

The gnoll attacks as it pursues you! The gnoll barely misses you.
The gnoll barely misses you. The gnoll misses you.
The gnoll attacks as it pursues you! The gnoll closely misses you.
The gnoll bouda gazes fiercely through you!
You feel your attacks grow feeble. The gnoll attacks as it pursues you!
The gnoll hits you from afar with a +0 spear.
* * * LOW HITPOINT WARNING * * *
The gnoll is no longer moving quickly.
The gnoll attacks as it pursues you! The gnoll hits you but does no damage.
The gnoll hits you with a +0 whip.
* * * LOW HITPOINT WARNING * * *
The gnoll is no longer moving quickly.
The gnoll bouda barks out a call to the hunt!
The gnolls pick up the pace!
The gnoll attacks as it pursues you! The gnoll misses you.
The gnoll attacks as it pursues you! The gnoll hits you but does no damage.
The gnoll is no longer moving quickly. x2
The gnoll bouda barks out a call to the hunt!
The gnolls pick up the pace!
The gnoll attacks as it pursues you! The gnoll barely misses you. x2
The gnoll hits you with a +0 whip.
* * * LOW HITPOINT WARNING * * *
The gnoll attacks as it pursues you! The gnoll barely misses you.
The gnoll attacks as it pursues you! The gnoll barely misses you.
Your attacks no longer feel as feeble.
The gnoll attacks as it pursues you! The gnoll barely misses you.
The gnoll misses you. The gnoll attacks as it pursues you!
The gnoll hits you with a +0 whip.
* * * LOW HITPOINT WARNING * * *
The gnoll attacks as it pursues you! The gnoll barely misses you.
The gnoll barely misses you. The gnoll attacks as it pursues you!
The gnoll hits you but does no damage. The gnoll attacks as it pursues you!
The gnoll closely misses you. The gnoll completely misses you.
The gnoll hits you from afar with a +0 halberd.
* * * LOW HITPOINT WARNING * * *
There is a stone staircase leading up here.
The gnoll is no longer moving quickly.
The gnoll closely misses you.
The gnoll hits you from afar with a +0 halberd!
You die...

##..........#
............# #
#..........# #.
#.....g....#
####.###################'#
........g.g..............#
#g..g...g.........#.#
#.###############.#.#
#.#..ggg@..# #.#.#
#.g...g....# #.#.#
###......#.# #....
########## #####


You could see a gnoll bouda and 4 gnolls.

Vanquished Creatures
  An ogre (D:3)
  2 adders (D:2)
  A worm (D:2)
  An orc (D:3)
  4 endoplasms
  4 giant cockroaches
  4 goblins
  4 hobgoblins
  7 jackals
  5 quokkas
  7 ball pythons
  3 bats
  5 frilled lizards
  3 kobolds
  7 rats
58 creatures vanquished.

Notes
Turn   | Place    | Note
-------+----------+-------------------------------------------
     0 | D:1      | Bnni the Hill Orc Monk began the quest for the Orb.
     0 | D:1      | Reached XP level 1. HP: 19/19 MP: 1/1
   140 | D:1      | Reached XP level 2. HP: 27/27 MP: 2/2
   785 | D:2      | Reached skill level 5 in Axes
   821 | D:2      | Reached XP level 3. HP: 33/33 MP: 3/3
  1432 | D:2      | Reached XP level 4. HP: 35/41 MP: 4/4
  1761 | D:3      | Found a hide-covered altar of Uskayaw.
  1777 | D:3      | Identified the +3 robe of the Hills {*Slow rElec Str+8
                  | Stlth+}
  1847 | D:3      | Found an ancient bone altar of Kikubaaqudgha.
  2145 | D:3      | Noticed an ogre
  2151 | D:3      | Reached skill level 6 in Axes
  2176 | D:3      | Killed an ogre
  2177 | D:3      | Reached skill level 5 in Fighting
  2177 | D:3      | Reached XP level 5. HP: 17/48 MP: 5/5
  2296 | D:3      | Found a faded altar of an unknown god.
  2375 | D:4      | Slain by a gnoll

Illustrated notes

Levels and vault maps discovered:
D:1:      psy_arrival_heroes, layout_basic, minmay_tripent
D:2:      layout_basic, eino_tiny_chamber
D:3:      layout_rooms, lemuel_crystal_altar, lemuel_tele_altar,
          shapermc_ecumenical_altar_acropolis
D:4:      layout_basic, minmay_temple_entry_mist, serial_shops,
          nicolae_lakefront_shop

Skill      XL: |  1  2  3  4 |
---------------+-------------+-----
Fighting       | 4 5 |  5.1
Axes           | 5 6 |  6.8
Dodging        | |  2.4

Action                     |  1- 3 |  4- 6 || total
---------------------------+-------+-------++-------
  Melee: Hand axe          |    92 |    30 ||   122
         War axe           |       |    22 ||    22
 Armour: Robe              |     4 |       ||     4
         Ring mail         |    53 |    48 ||   101
  Dodge: Dodged            |    58 |    45 ||   103

Table legend: (Time is in decaauts)
 A = Elapsed time spent in this place.
 B = Non-inter-level travel time spent in this place.
 C = Inter-level travel time spent in this place.
 D = Time resting spent in this place.
 E = Time spent auto-exploring this place.
 F = Levels seen in this place.
 G = Mean time per level.
                   A        B        C        D        E       F      G
               +--------+--------+--------+--------+--------+-----+--------+
         Total |   2382 |   2302 |     80 |      0 |   1930 |   4 |  595.5 |
       Dungeon |   2382 |   2302 |     80 |      0 |   1930 |   4 |  595.5 |
               +--------+--------+--------+--------+--------+-----+--------+

Top non-repeatable levels by time:
     D:2: 979 daAuts
     D:1: 785 daAuts
     D:3: 552 daAuts
     D:4: 64 daAuts
